 Dungeon Crawl Stone Soup version 0.27-a0-1060-gcb85b5eba1 (webtiles) character file.

Game seed: 7097174964164632680

28 Jerej03 the Skirmisher (level 3, 0/36 HPs)
             Began as a Troll Abyssal Knight on Apr 21, 2021.
             Was a Follower of Lugonu.
             Slain by a hornet zombie (7 damage)
             ... on level 2 of the Dungeon.
             The game lasted 00:03:46 (1020 turns).

Jerej03 the Skirmisher (Troll Abyssal Knight)       Turns: 1020, Time: 00:03:46

Health: 0/36       AC:  4    Str: 21    XL:     3   Next: 0%
Magic:  3/3        EV: 10    Int:  8    God:    Lugonu [*.....]
Gold:   55         SH:  0    Dex:  9    Spells: 2/2 levels left

rFire    . . .     SeeInvis .     - Unarmed
rCold    . . .     Faith    +   (no shield)
rNeg     . . .     Spirit   .   a - +0 robe
rPois    .         Reflect  .   (helmet restricted)
rElec    .         Harm     .   (no cloak)
rCorr    .         Rampage  .   (gloves unavailable)
Will     .....                  (boots unavailable)
Stlth    +.........             e - amulet of faith
HPRegen  1.12/turn              (no ring)
MPRegen  0.08/turn              (no ring)

@: flying
A: large, unfitting armour, claws 3, regeneration 1, shaggy fur 1, tough skin 1
a: Renounce Religion, Depart the Abyss


You were on level 2 of the Dungeon.
You worshipped Lugonu.
Lugonu was aware of your devotion.
You visited 1 branch of the dungeon, and saw 2 of its levels.
You visited the Abyss 1 time.

You collected 55 gold pieces.

Inventory:

Missiles
 d - 14 bolts
Armour
 a - a +0 robe (worn)
Jewellery
 e - an amulet of faith (around neck)
 k - a ring of poison resistance
Scrolls
 c - a scroll of identify {unknown}
 j - a scroll of magic mapping {unknown}
Potions
 f - a potion of lignification {unknown}
 g - a potion of curing {unknown}
 h - a potion of magic {unknown}
 i - a potion of might {unknown}


   Skills:
 + Level 2.9 Fighting
 + Level 2.2 Dodging
 + Level 2.5 Unarmed Combat
 + Level 1.6 Invocations


You had 2 spell levels left.
You didn't know any spells.
Your spell library was empty.

Dungeon Overview and Level Annotations

Branches:
Dungeon (2/15)

Altars:


Innate Abilities, Weirdness & Mutations

You are too large for most types of armour.
You have claws for hands.
Your natural rate of healing is unusually fast.
You are covered in fur. (AC +1)
You have tough skin. (AC +1)


Message History

Increase (S)trength, (I)ntelligence, or (D)exterity?
You feel stronger. x2
The hornet zombie hits you.
You closely miss the hornet zombie. The hornet zombie hits you.
The hornet zombie hits you but does no damage.
You claw the hornet zombie!
The hornet zombie is lightly damaged.
The hornet zombie hits you but does no damage.
You claw the hornet zombie!
The hornet zombie is moderately damaged.
The hornet zombie hits you!
You barely miss the hornet zombie.
The hornet zombie is moderately damaged.
The hornet zombie hits you.
You scratch the hornet zombie.
The hornet zombie is heavily damaged.
The hornet zombie barely misses you.
You closely miss the hornet zombie.
The hornet zombie is heavily damaged.
The hornet zombie hits you but does no damage.
You claw the hornet zombie!
The hornet zombie is severely damaged.
The hornet zombie barely misses you. The hornet zombie closely misses you.
You barely miss the hornet zombie.
The hornet zombie is severely damaged.
The hornet zombie hits you!
You scratch the hornet zombie.
The hornet zombie is severely damaged.
The hornet zombie completely misses you.
You barely miss the hornet zombie.
The hornet zombie is severely damaged.
The hornet zombie hits you!
* * * LOW HITPOINT WARNING * * *
The hornet zombie hits you.
* * * LOW HITPOINT WARNING * * *
It was a potion of flight.
You feel very buoyant.
You fly up into the air.
The hornet zombie closely misses you. The hornet zombie hits you!
You die...

# # .. .#. ####### #.
.#.###.....# #.
........##.# ##!
##.####.##.# . .h #.#
#.##.# ...###. #.####.##.#
.......##########....#.##.#
...^.....Z@............##.#
#.##################.#.....
#.#.##)# #..#.#.# #.#.##.#
#.#.##.# #.#.##.. #.#.####
#.# #


You could see a hornet zombie.

Vanquished Creatures
  A worm (D:2)
  A dart slug (D:1)
  4 endoplasms
  A goblin (D:1)
  3 hobgoblins (D:1)
  A jackal (D:2)
  2 quokkas (D:1)
  A ball python (D:1)
  2 frilled lizards
  2 kobolds (D:1)
  4 rats
22 creatures vanquished.

Notes
Turn   | Place    | Note
-------+----------+-------------------------------------------
     0 | Abyss:1  | Jerej03 the Troll Abyssal Knight began the quest for the
                  | Orb.
     0 | Abyss:1  | Reached XP level 1. HP: 22/22 MP: 1/1
     0 | D:1      | Escaped the Abyss
   150 | D:1      | Reached * piety under Lugonu
   160 | D:1      | Reached XP level 2. HP: 28/29 MP: 2/2
   418 | D:1      | Found a faded altar of an unknown god.
  1007 | D:2      | Reached XP level 3. HP: 36/36 MP: 3/3
  1020 | D:2      | Slain by a hornet zombie

Illustrated notes

Levels and vault maps discovered:
D:1:      shiori_arrival_elements, layout_basic,
          ebering_ecumenical_altar_sacrificial
D:2:      layout_loops_ring

Skill      XL: |  1 |
---------------+----+-----
Dodging        | 2 |  2.2
Fighting       | |  2.9
Unarmed Combat | |  2.5
Invocations    | |  1.6

Action                   || total
-------------------------++-------
Melee: Unarmed           ||    77
Invok: Depart the Abyss  ||     1
  Use: Potion            ||     1
 Stab: Sleeping          ||     3
Armor: Robe              ||    16
Dodge: Dodged            ||    33

Table legend: (Time is in decaauts)
 A = Elapsed time spent in this place.
 B = Non-inter-level travel time spent in this place.
 C = Inter-level travel time spent in this place.
 D = Time resting spent in this place.
 E = Time spent auto-exploring this place.
 F = Levels seen in this place.
 G = Mean time per level.
                   A        B        C        D        E       F      G
               +--------+--------+--------+--------+--------+-----+--------+
         Total |   1015 |    988 |     27 |      0 |    785 |   3 |  338.3 |
       Dungeon |   1015 |    988 |     27 |      0 |    785 |   2 |  507.5 |
         Abyss |      0 |      0 |      0 |      0 |      0 |   1 |    0.0 |
               +--------+--------+--------+--------+--------+-----+--------+

Top non-repeatable levels by time:
     D:1: 719 daAuts
     D:2: 296 daAuts
